 Dungeon Crawl Stone Soup version 0.21.0-3-g78d12a8 (webtiles) character file.

271077 MDvedh the Phalangite (level 20, -9/170 HPs)
             Began as a Merfolk Air Elementalist on Jan 9, 2018.
             Was the Champion of Okawaru.
             Shot with a bolt by a yaktaur captain (30 damage)
             ... on level 2 of the Vaults.
             The game lasted 01:39:42 (47273 turns).

MDvedh the Phalangite (Merfolk Air Elementalist)   Turns: 47273, Time: 01:39:43

Health: -9/170     AC: 30    Str: 28    XL:     20   Next: 22%
Magic:  35/35      EV: 24    Int: 16    God:    Okawaru [******]
Gold:   1729       SH:  6    Dex: 20    Spells: 16/23 levels left

rFire    + . .     SeeInvis +   j - +3 demon trident of MDvedh's Dismemberment {drain, +Blink Str+3}
rCold    + . .     Gourm    .   Y - +0 buckler "Igorion" {*Contam rElec rF+ Regen+ Int+4}
rNeg     . . .     Faith    .   F - +8 chain mail "Oteffeh" {rElec rC+ Str+7 Int-4}
rPois    +         Spirit   .   O - +1 helmet
rElec    +         Reflect  .   T - +1 cloak {rPois}
rCorr    .         Harm     .   S - +0 pair of gloves "Abehel" {rElec rPois Str+2}
MR       +....                  l - +0 pair of boots
Stlth    ..........             G - amulet of magic regeneration
HPRegen  0.78/turn              s - ring of the Sun {rPois MP+9 Str+4}
MPRegen  0.49/turn              P - ring of see invisible

@: studying Armour
A: change form in water, swift swim, stealthy swim, agile 1, wild magic 1,
MP-powered wands
}: 2/15 runes: decaying, gossamer
a: Heroism, Finesse, Renounce Religion, Evoke Blink


You were on level 2 of the Vaults.
You worshipped Okawaru.
Okawaru was exalted by your worship.
You were not hungry.

You visited 7 branches of the dungeon, and saw 34 of its levels.
You visited the Abyss 1 time.
You also visited: Labyrinth.

You collected 3089 gold pieces.
You spent 1360 gold pieces at shops.

Inventory:

Hand Weapons
 j - the +3 demon trident of MDvedh's Dismemberment (weapon) {drain, +Blink Str+3}
   (You acquired it on level 3 of the Lair of Beasts)

   A truly terrible weapon, it drains the life of those it strikes.
   It affects your strength (+3).
   It lets you blink.
 y - a +3 trident of freezing
 U - the +4 trident of Hycis {pierce, +Blink Str+4}
   (You took it off a deep elf mage on level 14 of the Dungeon)

   It inflicts extra damage upon your enemies.
   It affects your strength (+4).
   It lets you blink.
Armour
 g - the +1 helmet "Diposel" {rElec rF+++ rN+ Slay-5}
   (You found it on level 4 of the Spider Nest)

   It affects your accuracy and damage with ranged weapons and melee attacks
   (-5).
   It renders you almost immune to fire.
   It insulates you from electricity.
   It protects you from negative energy.
 l - a +0 pair of boots (worn)
 F - the +8 chain mail "Oteffeh" (worn) {rElec rC+ Str+7 Int-4}
   (Okawaru gifted it to you on level 2 of the Spider Nest)

   It affects your strength (+7).
   It affects your intelligence (-4).
   It protects you from cold.
   It insulates you from electricity.
 O - a +1 helmet (worn)
 S - the +0 pair of gloves "Abehel" (worn) {rElec rPois Str+2}
   (You bought it in a shop on level 2 of the Orcish Mines)

   It affects your strength (+2).
   It insulates you from electricity.
   It protects you from poison.
 T - a +1 cloak of poison resistance (worn)
 V - +0 fire dragon scales
 Y - the +0 buckler "Igorion" (worn) {*Contam rElec rF+ Regen+ Int+4}
   (Okawaru gifted it to you on level 3 of the Swamp)

   It affects your intelligence (+4).
   It protects you from fire.
   It insulates you from electricity.
   It causes magical contamination when unequipped.
   It increases your rate of regeneration.
Jewellery
 s - the ring of the Sun (left hand) {rPois MP+9 Str+4}
   (You found it on level 14 of the Dungeon)

   [ring of magical power]

   It affects your strength (+4).
   It protects you from poison.
   It affects your magic capacity (+9).
 G - an amulet of magic regeneration (around neck)
 H - an uncursed ring of wizardry
 I - the ring of the Lizard {-Tele rElec rC+ Int+3 Dex+3}
   (You found it on level 6 of the Lair of Beasts)

   [ring of dexterity]

   It affects your intelligence (+3).
   It affects your dexterity (+3).
   It protects you from cold.
   It insulates you from electricity.
   It prevents most forms of teleportation.
 J - the amulet of Innoihete {Reflect *Slow rElec Slay+3 SH+2}
   (You found it on level 2 of the Spider Nest)

   [amulet of reflection]

   It shields you and reflects attacks.
   It affects your accuracy and damage with ranged weapons and melee attacks
   (+3).
   It insulates you from electricity.
   It may slow you when you take damage.
   It affects your SH (+2).
 M - an uncursed ring of resist corrosion
 P - a ring of see invisible (right hand)
Wands
 f - a wand of paralysis (17)
 n - a wand of scattershot (6)
 q - a wand of clouds (9)
 v - a wand of enslavement (27)
 A - a wand of flame (7)
 B - a wand of polymorph (12)
 E - a wand of disintegration (10)
 L - a wand of acid (19)
 W - a wand of digging (14)
 Z - a wand of iceblast (12)
Scrolls
 b - 7 scrolls of fog
 d - 8 scrolls of enchant armour
 e - 13 scrolls of amnesia
 h - 18 scrolls of remove curse
 i - 8 scrolls of enchant weapon
 m - 2 scrolls of holy word
 o - 19 scrolls of teleportation
 t - a scroll of identify
 C - 6 scrolls of fear
 Q - 4 scrolls of vulnerability
 R - a scroll of magic mapping
Potions
 a - 8 potions of ambrosia
 k - 8 potions of curing
 p - 4 potions of flight
 r - 3 potions of magic
 w - 4 potions of agility
 x - 5 potions of haste
 D - 2 potions of mutation
 K - a potion of berserk rage
 N - 3 potions of might
Books
 z - a book of Flames

   Spells                             Type                      Level
   a - Flame Tongue                   Conjuration/Fire             1
   b - Throw Flame                    Conjuration/Fire             2
   c - Conjure Flame                  Conjuration/Fire             3
   d - Inner Flame                    Hexes/Fire                   3
   e - Sticky Flame                   Conjuration/Fire             4
   f - Fireball                       Conjuration/Fire             5
 X - a manual of Armour
Comestibles
 c - 28 rations


   Skills:
 + Level 17.9 Fighting
 + Level 21.2 Polearms
 + Level 14.8 Armour
 + Level 20.8 Dodging
 - Level 2.1 Stealth
 - Level 4.2 Shields
 - Level 2.0 Spellcasting
 - Level 0.7 Conjurations
 + Level 2.5 Hexes
 - Level 10.1 Charms
 + Level 2.1 Necromancy
 - Level 2.4 Air Magic
 - Level 8.0 Invocations


You had 16 spell levels left.
You knew the following spells:

 Your Spells              Type           Power        Failure   Level  Hunger
a - Shock                 Conj/Air       #...         45%         1    #......
b - Regeneration          Chrm/Necr      ####......   24%         3    ###....
c - Spectral Weapon       Hex/Chrm       ####....     22%         3    ###....


Dungeon Overview and Level Annotations

Branches:
Dungeon (15/15)            Temple (1/1) D:5            Lair (6/6) D:11
  Swamp (4/4) Lair:3       Spider (4/4) Lair:4        Slime (0/5) Lair:5
    Orc (2/2) D:12            Elf (0/3) Orc:2        Vaults (2/5) D:13
 Depths (0/5) D:15
  Crypt: Vaults:2-3

Altars:
Ashenzari
Cheibriados
Dithmenos
Elyvilon
Fedhas
Gozag
Hepliaklqana
Kikubaaqudgha
Makhleb
Nemelex Xobeh
Okawaru
Qazlal
Ru
Sif Muna
Trog
Uskayaw
Vehumet
Wu Jian
Xom
Yredelemnul
Zin
The Shining One
Beogh

Shops:
D:8 %   D:9 [   Orc:2 [!?:

Annotations:
D:6 Pikel
D:8 Maurice
D:14 1 runed door
Lair:1 exclusion: 2 doors
Lair:5 exclusion: oklob plant
Lair:6 exclusion: oklob plant


Innate Abilities, Weirdness & Mutations

You revert to your normal form in water.
You are very nimble and swift while swimming.
You are very stealthy in the water. (Stealth+)
You are agile. (Dex +2)
Your spells are a little harder to cast, but a little more powerful.
You expend magic power (3 MP) to strengthen your wands.


Message History

The yaktaur captain wields an arbalest.
The yaktaur captain shoots a bolt.
The bolt hits you!!
* * * LOW HITPOINT WARNING * * *
You see here a bolt.
The yaktaur captain shoots a bolt.
The bolt hits you!!
* * * LOW HITPOINT WARNING * * *
You see here a bolt.
Unknown command.
You feel much better.
The yaktaur captain shoots a bolt.
The bolt hits you!!
* * * LOW HITPOINT WARNING * * *
Unknown command.
Unknown command.
Okay, then.
Unknown command.
Unknown command.
You feel much better.
The yaktaur captain shoots a bolt.
The bolt hits you!!
* * * LOW HITPOINT WARNING * * *
The ironheart preserver barely misses you.
The yaktaur captain shoots a bolt.
The bolt hits you!!
You die...

#..# #..# #..# #..# #..# #.)#
#..################+#########
#.............................
#.............@p...............
#..#########.....).............
#..'.......#....(..............
#..#.......#...................
#..#.......#......(..c.........
#..#.......#.......(.c.........
#..#.......#...................
#..#.......#...................
#..#.......#..............(....


You could see an ironheart preserver and 2 yaktaur captains.

Vanquished Creatures
  the Lernaean hydra (Swamp:4)
  Rupert (D:13)
  A sphinx (Vaults:1)
  5 tentacled starspawn (Abyss:3)
  A thorn hunter (Swamp:3)
  Kirke (Spider:3)
  The ghost of Flooderbenga the Blocker, an adept OpAK of Lugonu (Swamp:4)
  2 vault wardens (Vaults:1)
  Aizul (Swamp:1)
  4 ghost moths
  A deep elf sorcerer (Vaults:2)
  3 emperor scorpions (Spider:4)
  A stone giant (Orc:2)
  5 ironheart preservers
  4 entropy weavers
  Azrael (D:13)
  An ettin (Vaults:1)
  2 spark wasps
  The ghost of brew9 the Basher, a journeyman GrFi of Makhleb (Lair:5)
  Snorg (D:14)
  A minotaur (Lab)
  A fire dragon (D:14)
  3 yaktaur captains (Vaults:1)
  The ghost of Dirian the Fencer, a journeyman MiFi of Makhleb (D:15)
  A rakshasa (Vaults:1)
  2 great orbs of eyes
  16 hydras
  13 ogre magi
  An ice dragon (Vaults:1)
  4 vault guards (D:13)
  Harold (Orc:1)
  3 catoblepae
  2 ghost crabs
  12 centaur warriors
  36 two-headed ogres
  2 death knights
  6 death yaks
  A tengu warrior (D:14)
  8 death scarabs (Spider:4)
  Urug (Lair:2)
  15 alligators
  An orc high priest (Orc:1)
  2 deep elf knights (Vaults:1)
  2 skeletal warriors
  4 wizards
  A deep troll (shapeshifter) (D:15)
  3 spriggan druids
  16 swamp dragons
  4 unseen horrors
  An unseen horror (shapeshifter) (D:14)
  4 shambling mangroves
  A necromancer (Vaults:2)
  3 spectral wolf spiders (Spider:4)
  3 orc knights (Vaults:1)
  4 deep elf archers
  3 ironbrand convokers (Vaults:1)
  11 orb spiders
  2 wolf spider zombies (Spider:4)
  19 wolf spiders
  6 cyclopes
  A stone giant zombie (Vaults:2)
  16 ugly things
  11 deep elf magi
  An orc sorcerer (D:15)
  Psyche (D:10)
  An apocalypse crab (Abyss:3)
  3 manticores
  8 elephants
  2 large abominations (Abyss:3)
  Joseph (D:7)
  A moth of wrath (Spider:4)
  6 vault sentinels
  A black mamba (Lair:2)
  A centaur zombie (D:14)
  A smoke demon (Abyss:3)
  2 torpor snails
  An orange demon (Abyss:3)
  20 spiny frogs
  4 spectral redbacks (Spider:4)
  9 centaur skeletons
  A rime drake (shapeshifter) (D:14)
  3 freezing wraiths
  A komodo dragon (shapeshifter) (Vaults:2)
  2 gargoyles
  8 komodo dragons
  2 rime drakes (Lair:6)
  9 demonic crawlers
  An ice devil (Lair:1)
  2 redback zombies (Spider:4)
  2 efreet
  A merfolk (shapeshifter) (D:15)
  An ancient zyme (Abyss:3)
  7 yaktaurs (Vaults:1)
  A harpy zombie (D:14)
  28 jumping spiders
  12 trolls
  A meliai (D:13)
  5 tyrant leeches
  21 hornets
  3 polar bears
  9 bog bodies
  12 blink frogs
  12 hippogriffs
  5 spectral jumping spiders (Spider:4)
  3 spectral tarantellas (Spider:4)
  2 tarantella zombies (Spider:4)
  A meliai zombie (D:15)
  A raiju (shapeshifter) (Vaults:1)
  3 jumping spider zombies (Spider:4)
  8 dream sheep
  10 slime creatures
  5 flying skulls (Abyss:3)
  63 redbacks
  5 shadows
  A vampire (D:14)
  4 wraiths
  5 water elementals (D:14)
  25 tarantellas
  3 fire elementals
  34 yaks
  17 spriggans
  2 basilisks
  2 hogs (Spider:3)
  Grum (D:10)
  A wyvern (Lair:3)
  2 neqoxecs (Abyss:3)
  6 hungry ghosts
  Menkaure (D:5)
  A chaos spawn (Abyss:3)
  15 vampire mosquitoes
  13 insubstantial wisps
  A soldier ant (D:11)
  15 swamp worms
  Edmund (D:5)
  2 wargs (Orc:2)
  12 water moccasins
  5 acid dragons
  Duvessa (D:7)
  6 porcupines
  A hornet zombie (D:6)
  A spectral hornet (Spider:4)
  5 hell hounds
  16 swamp drakes
  2 ice beasts
  7 sky beasts
  A slave (D:5)
  3 necrophages (D:9)
  A human zombie (Vaults:2)
  5 black bears
  15 orc warriors
  3 small abominations (Abyss:3)
  An ettin simulacrum (Vaults:2)
  7 starcursed masses (Abyss:3)
  3 phantoms
  4 eyes of draining
  64 ogres
  4 boggarts (Lair:6)
  A human skeleton (Vaults:2)
  13 centaurs
  29 wolves
  10 crocodiles
  2 big kobolds
  2 gnoll sergeants
  Dowan (D:7)
  14 bullfrogs
  2 wyvern skeletons (D:14)
  8 scorpions
  11 killer bees
  A troll skeleton (D:14)
  9 wights
  The ghost of barbarian the Sneak, a weakling OpAs (D:3)
  10 electric eels
  2 howler monkeys
  4 spriggan skeletons (D:14)
  8 crimson imps
  12 hounds
  3 jellies
  12 orc priests
  A bullfrog skeleton (D:12)
  8 iguanas
  7 worker ants
  21 orc wizards
  A killer bee zombie (D:9)
  4 mummies (D:9)
  A hound zombie (D:10)
  A hound skeleton (D:8)
  2 worker ant zombies
  15 gnolls
  11 adders
  4 shadow imps
  2 adder skeletons
  3 adder zombies (D:9)
  4 worms
  4 dart slugs
  11 leopard geckos
  80 orcs
  5 giant cockroaches
  8 hobgoblins
  13 jackals
  5 quokkas
  2 ball pythons
  6 bats
  3 frilled lizards
  7 goblins
  A jackal zombie (D:8)
  26 kobolds
  A leopard gecko skeleton (D:6)
  A leopard gecko zombie (D:9)
  A quokka skeleton (D:8)
  4 quokka zombies
  4 rats
  6 starspawn tentacles (Abyss:3)
1346 creatures vanquished.

Vanquished Creatures (others)
  A hydra (Swamp:4)
  A blink frog (Swamp:4)
  2 yaks (D:13)
  A bullfrog (D:14)
  A quokka (D:15)
  A bush (Lair:4)
  6 fungi
  11 plants
  15 starspawn tentacles (Abyss:3)
  A withered plant (D:9)
40 creatures vanquished.

Grand Total: 1386 creatures vanquished

Notes
Turn   | Place    | Note
-------+----------+-------------------------------------------
     0 | D:1      | MDvedh the Merfolk Air Elementalist began the quest for the Orb.
     0 | D:1      | Reached XP level 1. HP: 13/13 MP: 3/3
   664 | D:1      | Reached skill level 1 in Fighting
   668 | D:1      | Reached XP level 2. HP: 12/21 MP: 0/5
  1221 | D:1      | Reached XP level 3. HP: 27/27 MP: 6/6
  1280 | D:1      | Reached skill level 1 in Polearms
  1540 | D:1      | Reached skill level 2 in Polearms
  1630 | D:2      | Reached XP level 4. HP: 33/34 MP: 7/7
  1879 | D:2      | Found a burning altar of Makhleb.
  1887 | D:2      | Reached skill level 3 in Polearms
  2266 | D:2      | Reached XP level 5. HP: 35/40 MP: 8/8
  2319 | D:3      | Found a bloodstained altar of Trog.
  2469 | D:3      | Reached skill level 4 in Polearms
  2520 | D:3      | Noticed barbarian's ghost (weakling OpAs)
  3580 | D:3      | Reached skill level 5 in Polearms
  3580 | D:3      | Reached XP level 6. HP: 25/47 MP: 3/9
  3709 | D:3      | Killed barbarian's ghost
  4121 | D:2      | Reached skill level 6 in Polearms
  4208 | D:3      | Found an ornate altar of the Wu Jian Council.
  4468 | D:4      | Got a dazzling ring mail
  4479 | D:4      | Identified the +2 ring mail of Springtime {rC+ rN+} (You found it on level 4 of the Dungeon)
  5049 | D:3      | Reached skill level 7 in Polearms
  5049 | D:3      | Reached XP level 7. HP: 46/52 MP: 10/10
  5264 | D:4      | Noticed a two-headed ogre
  6004 | D:5      | Entered Level 5 of the Dungeon
  6102 | D:5      | Reached skill level 8 in Polearms
  6106 | D:5      | Noticed Edmund
  6148 | D:5      | Killed Edmund
  6148 | D:5      | Reached skill level 9 in Polearms
  6186 | D:5      | Reached skill level 10 in Polearms
  6596 | D:5      | Found a staircase to the Ecumenical Temple.
  6600 | Temple   | Entered the Ecumenical Temple
  6799 | Temple   | Became a worshipper of Warmaster Okawaru
  6849 | D:5      | Noticed Menkaure
  6990 | D:5      | Reached XP level 8. HP: 58/58 MP: 11/11
  7059 | D:5      | Killed Menkaure
  7150 | D:5      | Reached skill level 11 in Polearms
  7426 | D:6      | Noticed Pikel
  7788 | D:6      | Reached * piety under Okawaru
  7788 | D:6      | Reached skill level 12 in Polearms
  8292 | D:6      | Reached skill level 13 in Polearms
  8322 | D:6      | Found a shadowy altar of Dithmenos.
  8383 | D:6      | Reached XP level 9. HP: 62/64 MP: 12/12
  8432 | D:6      | Found an ancient bone altar of Kikubaaqudgha.
  8523 | D:6      | Reached skill level 14 in Polearms
  8591 | D:6      | Reached skill level 5 in Dodging
  8721 | D:7      | Reached ** piety under Okawaru
  8721 | D:7      | Reached skill level 1 in Shields
  8860 | D:7      | Reached skill level 1 in Armour
  9105 | D:7      | Noticed Duvessa
  9106 | D:7      | Noticed Dowan
  9121 | D:7      | Killed Duvessa
  9131 | D:7      | Killed Dowan
  9454 | D:7      | Noticed Joseph
  9498 | D:7      | Killed Joseph
  9787 | D:7      | Reached skill level 5 in Fighting
  9810 | D:7      | Reached *** piety under Okawaru
 10513 | D:7      | Reached XP level 10. HP: 53/74 MP: 13/13
 11368 | D:8      | Found Usiown's Food Shop.
 11486 | D:8      | Noticed Maurice
 12411 | D:9      | Reached **** piety under Okawaru
 12617 | D:9      | Found a hide-covered altar of Uskayaw.
 12617 | D:9      | Found a white marble altar of Elyvilon.
 12618 | D:9      | Found a stormy altar of Qazlal.
 12674 | D:9      | Found Ope Runu's Armour Emporium.
 14116 | D:10     | Entered Level 10 of the Dungeon
 14398 | D:10     | Reached skill level 1 in Invocations
 14451 | D:10     | Noticed Grum
 14485 | D:10     | Killed Grum
 14716 | D:10     | Noticed a centaur warrior
 14752 | D:10     | Killed a centaur warrior
 14752 | D:10     | Reached ***** piety under Okawaru
 14752 | D:10     | Reached XP level 11. HP: 42/84 MP: 11/14
 15002 | D:10     | Noticed Psyche
 15039 | D:10     | Killed Psyche
 15445 | D:11     | Noticed a cyclops
 15445 | D:11     | Noticed a manticore
 15462 | D:11     | Killed a manticore
 15471 | D:11     | Killed a cyclops
 15471 | D:11     | Received a gift from Okawaru
 15579 | D:11     | Noticed a two-headed ogre
 15800 | D:10     | Killed a two-headed ogre
 15800 | D:10     | Received a gift from Okawaru
 15800 | D:10     | Reached skill level 10 in Dodging
 15800 | D:10     | Reached skill level 5 in Invocations
 15978 | D:11     | Noticed a cyclops
 16010 | D:11     | Killed a cyclops
 16010 | D:11     | Reached skill level 5 in Armour
 16116 | D:11     | Noticed a cyclops
 16312 | D:11     | Killed a cyclops
 16659 | D:11     | Noticed a cyclops
 16694 | D:11     | Killed a cyclops
 16694 | D:11     | Received a gift from Okawaru
 16735 | D:11     | Paralysed by a hornet for 2 turns
 16750 | D:11     | Paralysed by a hornet for 3 turns
 16757 | D:11     | Paralysed by a hornet for 1 turns
 17384 | D:11     | Found a staircase to the Lair.
 17560 | Lair:1   | Entered Level 1 of the Lair of Beasts
 17750 | Lair:1   | Reached XP level 12. HP: 45/94 MP: 15/17
 17931 | Lair:1   | Noticed a four-headed hydra
 17954 | Lair:1   | Killed a four-headed hydra
 19204 | Lair:2   | Noticed a four-headed hydra
 19246 | Lair:2   | Killed a four-headed hydra
 19746 | Lair:2   | Received a gift from Okawaru
 20537 | Lair:2   | Noticed Urug
 20568 | Lair:2   | Killed Urug
 20568 | Lair:2   | Reached skill level 10 in Fighting
 21473 | Lair:3   | Found a staircase to the Swamp.
 21475 | Lair:3   | Noticed a five-headed hydra
 21498 | Lair:3   | Killed a five-headed hydra
 22167 | Lair:4   | Reached XP level 13. HP: 45/104 MP: 19/19
 22754 | Lair:3   | Identified a scroll of acquirement
 22769 | Lair:3   | Got a faintly glowing demon trident
 22770 | Lair:3   | Identified the +3 demon trident of MDvedh's Dismemberment {drain, +Blink Str+3} (You acquired it on level 3 of the Lair of Beasts)
 22795 | Lair:4   | Received a gift from Okawaru
 23403 | Lair:4   | Found a hole to the Spider Nest.
 24103 | Lair:5   | Found a staircase to the Slime Pits.
 24231 | Lair:5   | Noticed brew9's ghost (journeyman GrFi)
 24269 | Lair:5   | Received a gift from Okawaru
 24293 | Lair:5   | Killed brew9's ghost
 24324 | Lair:5   | Got a pitted ring mail {god gift}
 24335 | Lair:5   | Identified the +0 ring mail "Ynteale" {Str+4} (Okawaru gifted it to you on level 5 of the Lair of Beasts)
 24557 | Lair:5   | Reached ****** piety under Okawaru
 24957 | Lair:6   | Entered Level 6 of the Lair of Beasts
 25794 | Lair:5   | Reached XP level 14. HP: 40/116 MP: 20/20
 26088 | Lair:6   | Received a gift from Okawaru
 26091 | Lair:6   | Got a shimmering spear {god gift}
 26093 | Lair:6   | Identified the +7 spear of Incongruity {holy, *Slow +Blink rN+++ Str-3} (Okawaru gifted it to you on level 6 of the Lair of Beasts)
 26465 | Lair:6   | Reached skill level 15 in Dodging
 27150 | Lair:6   | Got a clouded brass ring
 27315 | Lair:6   | Identified the ring of the Lizard {-Tele rElec rC+ Int+3 Dex+3} (You found it on level 6 of the Lair of Beasts)
 27889 | D:12     | Received a gift from Okawaru
 28473 | D:12     | Found a staircase to the Orcish Mines.
 28763 | Orc:1    | Entered Level 1 of the Orcish Mines
 28795 | Orc:1    | Noticed Harold
 28825 | Orc:1    | Killed Harold
 29074 | Orc:2    | Entered Level 2 of the Orcish Mines
 29158 | Orc:2    | Noticed a stone giant
 29172 | Orc:2    | Killed a stone giant
 29219 | Orc:2    | Found a roughly hewn altar of Beogh.
 29228 | Orc:2    | Found a staircase to the Elven Halls.
 29265 | Orc:2    | Found Dinap's Book Boutique.
 29265 | Orc:2    | Found Ziff's Magic Scroll Shoppe.
 29267 | Orc:2    | Found Mistrof's Distillery.
 29267 | Orc:2    | Found Ximacw's Armour Shop.
 29273 | Orc:2    | Received a gift from Okawaru
 29281 | Orc:2    | Reached XP level 15. HP: 96/125 MP: 15/21
 29282 | Orc:2    | Paralysed by an ogre mage for 5 turns
 29283 | Orc:2    | Reached skill level 10 in Armour
 29296 | Orc:2    | Received a gift from Okawaru
 29538 | Orc:2    | Bought a scroll of vulnerability for 90 gold pieces
 29538 | Orc:2    | Bought a scroll of teleportation for 36 gold pieces
 29538 | Orc:2    | Bought a scroll of amnesia for 42 gold pieces
 29538 | Orc:2    | Bought a scroll of magic mapping for 42 gold pieces
 29539 | Orc:2    | Bought the +0 pair of gloves "Abehel" {rElec rPois Str+2} for 430 gold pieces
 29539 | Orc:2    | Bought a +1 cloak of poison resistance for 216 gold pieces
 29562 | Orc:2    | Bought a potion of might for 72 gold pieces
 29562 | Orc:2    | Bought a potion of agility for 72 gold pieces
 29562 | Orc:2    | Bought a potion of might for 72 gold pieces
 29562 | Orc:2    | Bought 2 potions of curing for 108 gold pieces
 29562 | Orc:2    | Bought a potion of mutation for 144 gold pieces
 29564 | Orc:2    | Bought a scroll of teleportation for 36 gold pieces
 29942 | Orc:1    | Found a roughly hewn altar of Beogh.
 29990 | D:13     | Noticed Rupert
 30005 | D:13     | Killed Rupert
 30034 | D:13     | Noticed Azrael
 30587 | D:13     | Killed Azrael
 31119 | D:13     | Found a gate to the Vaults.
 31170 | D:13     | Received a gift from Okawaru
 31170 | D:13     | Reached skill level 15 in Fighting
 31662 | D:14     | Noticed Snorg
 31700 | D:14     | Killed Snorg
 31785 | D:14     | Reached XP level 16. HP: 136/136 MP: 22/22
 31922 | D:14     | Reached skill level 15 in Polearms
 31978 | D:14     | Got a bone trident {pierce}
 32113 | D:14     | Identified the +4 trident of Hycis {pierce, +Blink Str+4} (You took it off a deep elf mage on level 14 of the Dungeon)
 32574 | D:14     | Received a gift from Okawaru
 32628 | D:14     | Found a runed door.
 32961 | D:14     | Got a scintillating bone ring
 32963 | D:14     | Identified the ring of the Sun {rPois MP+9 Str+4} (You found it on level 14 of the Dungeon)
 33112 | D:14     | Reached skill level 16 in Polearms
 33421 | D:15     | Entered Level 15 of the Dungeon
 33568 | D:15     | Noticed Dirian's ghost (journeyman MiFi)
 33595 | D:15     | Killed Dirian's ghost
 33712 | D:15     | Received a gift from Okawaru
 33868 | D:15     | Found a labyrinth entrance.
 33880 | Lab      | Entered a labyrinth
 34421 | D:15     | Found a white marble altar of Elyvilon.
 34824 | D:15     | Reached skill level 17 in Polearms
 35082 | D:15     | Received a gift from Okawaru
 35117 | D:15     | Found a staircase to the Depths.
 35534 | Swamp:1  | Entered Level 1 of the Swamp
 35592 | Swamp:1  | Reached XP level 17. HP: 143/144 MP: 23/23
 36286 | Swamp:2  | Noticed Aizul
 36315 | Swamp:1  | Killed Aizul
 37409 | Swamp:2  | Reached skill level 18 in Polearms
 38347 | Swamp:3  | Received a gift from Okawaru
 38350 | Swamp:3  | Got a brightly glowing buckler {god gift}
 38361 | Swamp:3  | Identified the +0 buckler "Igorion" {*Contam rElec rF+ Regen+ Int+4} (Okawaru gifted it to you on level 3 of the Swamp)
 38624 | Swamp:4  | Entered Level 4 of the Swamp
 38631 | Swamp:4  | Noticed Flooderbenga's ghost (adept OpAK)
 38666 | Swamp:4  | Killed Flooderbenga's ghost
 39088 | Swamp:4  | Reached skill level 19 in Polearms
 39314 | Swamp:4  | Noticed the 27-headed Lernaean hydra
 39329 | Swamp:4  | Killed the 27-headed Lernaean hydra
 39329 | Swamp:4  | Reached XP level 18. HP: 45/153 MP: 24/24
 39360 | Swamp:4  | Received a gift from Okawaru
 39684 | Swamp:4  | Got a decaying rune of Zot
 40102 | Spider:1 | Entered Level 1 of the Spider Nest
 40204 | Lair:4   | Learned a level 3 spell: Regeneration
 40208 | Lair:4   | Learned a level 3 spell: Spectral Weapon
 40263 | Lair:4   | Reached skill level 1 in Charms
 41068 | Spider:2 | Received a gift from Okawaru
 41120 | Spider:2 | Got a spiked chain mail {god gift}
 41131 | Spider:2 | Identified the +8 chain mail "Oteffeh" {rElec rC+ Str+7 Int-4} (Okawaru gifted it to you on level 2 of the Spider Nest)
 41522 | Spider:2 | Reached skill level 20 in Polearms
 41558 | Spider:2 | Got a coiled bronze amulet
 41659 | Spider:2 | Identified the amulet of Innoihete {Reflect *Slow rElec Slay+3 SH+2} (You found it on level 2 of the Spider Nest)
 41834 | Spider:3 | Noticed Kirke
 41846 | Spider:3 | Killed Kirke
 41865 | Spider:3 | Reached skill level 5 in Charms
 42518 | Spider:4 | Entered Level 4 of the Spider Nest
 43361 | Spider:4 | Received a gift from Okawaru
 43467 | Spider:4 | Reached XP level 19. HP: 127/161 MP: 25/25
 43953 | Spider:4 | Got a bloodstained helmet
 43987 | Spider:4 | Identified the +1 helmet "Diposel" {rElec rF+++ rN+ Slay-5} (You found it on level 4 of the Spider Nest)
 44286 | Spider:4 | Received a gift from Okawaru
 44290 | Spider:4 | Got a blackened scale mail
 44291 | Spider:4 | Identified the +1 scale mail "Jatydd" {rC+} (You acquired it on level 4 of the Spider Nest)
 44420 | Spider:4 | Got a gossamer rune of Zot
 44710 | Vaults:1 | Entered Level 1 of the Vaults
 44870 | Vaults:1 | Received a gift from Okawaru
 45952 | Vaults:1 | Received a gift from Okawaru
 46036 | Vaults:1 | Reached skill level 10 in Charms
 46160 | Vaults:1 | Reached skill level 21 in Polearms
 46857 | Vaults:2 | Reached skill level 1 in Hexes
 46890 | Vaults:2 | Reached XP level 20. HP: 167/170 MP: 26/26
 46909 | Vaults:2 | Reached skill level 1 in Necromancy
 46927 | Vaults:2 | Cast into level 3 of the Abyss (a deep elf sorcerer)
 46927 | Abyss:3  | Found a corrupted altar of Lugonu.
 47022 | Abyss:3  | Gained mutation: Your body sometimes deteriorates upon taking damage. [a neqoxec]
 47031 | Abyss:3  | Paralysed by accursed screaming for 1 turns
 47065 | Abyss:3  | Gained mutation: You tend to lose your temper in combat. [a neqoxec]
 47085 | Abyss:3  | Lost mutation: You tend to lose your temper in combat. [potion of mutation]
 47085 | Abyss:3  | Lost mutation: Your body sometimes deteriorates upon taking damage. [potion of mutation]
 47085 | Abyss:3  | Gained mutation: You are agile. (Dex +2) [potion of mutation]
 47085 | Abyss:3  | Gained mutation: Your spells are a little harder to cast, but a little more powerful. [potion of mutation]
 47123 | Abyss:3  | Found a corrupted altar of Lugonu.
 47172 | Abyss:3  | Found a corrupted altar of Lugonu.
 47175 | Abyss:3  | Gained mutation: You expend magic power (3 MP) to strengthen your wands. [a neqoxec]
 47245 | Vaults:2 | Escaped the Abyss
 47273 | Vaults:2 | Shot with a bolt by a yaktaur captain

Skill      XL: |  1  2  3  4  5  6  7  8  9 10 11 12 13 14 15 16 17 18 19 20 |
---------------+-------------------------------------------------------------+-----
Fighting       | 1 2 3 5 7 8 10 12 13 15 16 17 | 17.9
Dodging        | 3 4 6 9 10 12 14 16 17 18 19 20 | 20.8
Polearms       | 2 3 5 7 10 13 14 17 19 20 21 | 21.2
Shields        | 4 |  4.2
Armour         | 2 4 5 7 8 9 10 12 13 14 | 14.8
Invocations    | 3 7 8 |  8.0
Charms         | 6 10 | 10.1
Hexes          | 1 2 |  2.5
Necromancy     | 2 |  2.1
Stealth        | |  2.1
Spellcasting   | |  2.0
Conjurations   | |  0.7
Air Magic      | |  2.4

Action                   |  1- 3 |  4- 6 |  7- 9 | 10-12 | 13-15 | 16-18 | 19-21 || total
-------------------------+-------+-------+-------+-------+-------+-------+-------++-------
Melee: Unarmed           |    25 |       |       |       |       |       |       ||    25
       Dagger            |    59 |   155 |       |       |       |       |       ||   214
       Trident           |       |    72 |   635 |  1283 |       |   408 |       ||  2398
       Spear             |       |    16 |       |   251 |    21 |       |       ||   288
       Demon trident     |       |       |       |       |  1569 |  2023 |   976 ||  4568
       Tailslap          |       |       |       |       |       |   130 |    17 ||   147
 Cast: Shock             |    19 |    63 |       |       |       |       |       ||    82
Invok: Heroism           |       |       |     4 |    25 |    12 |    18 |     5 ||    64
       Finesse           |       |       |       |     1 |     4 |     2 |       ||     7
Evoke: Wand              |       |       |       |    11 |     5 |     7 |     1 ||    24
  Use: Potion            |       |     1 |     3 |     2 |     5 |     6 |     6 ||    23
       Scroll            |       |       |    16 |     7 |     9 |     6 |     5 ||    43
 Stab: Sleeping          |     5 |     1 |     1 |     1 |     1 |       |       ||     9
       Distracted        |       |       |     1 |     3 |       |       |     1 ||     5
       Confused          |       |       |       |     8 |     5 |     1 |     4 ||    18
       Held in net/web   |       |       |       |       |       |     1 |     1 ||     2
       Paralysed         |       |       |       |       |       |       |     1 ||     1
  Eat: Chunk             |     3 |     8 |     8 |    30 |    22 |    15 |     4 ||    90
       Ration            |       |     1 |     3 |     4 |     3 |     7 |     3 ||    21
Armor: Robe              |    12 |    22 |       |       |       |       |       ||    34
       Ring mail         |       |    16 |   105 |    38 |       |       |       ||   159
       Skin              |       |       |    31 |       |       |       |       ||    31
       Scale mail        |       |       |       |   219 |   269 |   390 |       ||   878
       Chain mail        |       |       |       |       |       |   247 |   209 ||   456
Dodge: Dodged            |    66 |   216 |   197 |   545 |   784 |  1938 |   753 ||  4499
       Deflected         |       |       |     1 |    18 |     4 |       |       ||    23
Block: Buckler           |       |       |    37 |   239 |   287 |   551 |   202 ||  1316
       Reflection        |       |       |       |       |       |     2 |       ||     2
